 Dungeon Crawl Stone Soup version 0.29.1-1-gd02db6906a (webtiles) character file.

Game seed: 1491351200107176148

320 themarg the Caller (level 6, -6/41 HPs)
             Began as a Merfolk Summoner on Sept 19, 2022.
             Blown up by Ijyb (15 damage)
             ... with a mindburst bolt
             ... on level 3 of the Dungeon.
             The game lasted 00:12:12 (2896 turns).

themarg the Caller (Merfolk Summoner)               Turns: 2896, Time: 00:12:13

Health: -6/41      AC:  9    Str: 14    XL:     6   Next: 46%
Magic:  5/11       EV: 12    Int: 17    God:
Gold:   136        SH:  0    Dex: 14    Spells: 8/12 levels left

rFire   . . .      SeeInvis .   d - +1 short sword (protect)
rCold   . . .      Faith    .   (no shield)
rNeg    . . .      Spirit   .   a - +0 robe
rPois   .          Reflect  .   (no helmet)
rElec   .          Harm     .   (no cloak)
rCorr   .          Rampage  .   (no gloves)
Will    .....                   (no boots)
Stlth   +++.......              (no amulet)
HPRegen 0.13/turn               f - ring of wizardry
MPRegen 0.12/turn               r - +6 ring of strength

@: under a protective aura
A: (nimble swimmer 2), mertail
a: no special abilities


You were on level 3 of the Dungeon.
You visited 1 branch of the dungeon, and saw 3 of its levels.

You collected 136 gold pieces.

Inventory:

Hand Weapons
 d - a +1 short sword of protection (weapon)
 v - a +1 dagger of holy wrath
Missiles
 x - a throwing net
Armour
 a - a +0 robe (worn)
Magical Staves
 j - a staff of conjuration
Jewellery
 f - a ring of wizardry (left hand)
 r - a +6 ring of strength (right hand)
 t - a ring of flight
Wands
 o - a wand of digging (7)
Scrolls
 c - a scroll of teleportation {unknown}
 g - 2 scrolls of identify {unknown}
 p - a scroll of immolation {unknown}
 u - a scroll of noise {unknown}
 y - a scroll of torment {unknown}
Potions
 b - a potion of magic
 e - a potion of invisibility {unknown}
 h - a potion of flight {unknown}
 i - 2 potions of haste {unknown}
 k - a potion of curing {unknown}
 l - a potion of heal wounds {unknown}
 m - a potion of resistance {unknown}
 n - a potion of cancellation {unknown}
 q - 3 potions of degeneration {unknown}
 s - a potion of mutation {unknown}
 w - a potion of berserk rage {unknown}


   Skills:
 - Level 2.7 Dodging
 + Level 4.8 Stealth
 + Level 3.8 Spellcasting
 + Level 5.4 Summonings


You had 8 spell levels left.
You knew the following spells:

 Your Spells              Type           Power      Damage    Failure   Level
a - Summon Small Mammal   Summ           84%        N/A       1%          1
b - Call Canine Familiar  Summ           21%        N/A       2%          3

Your spell library contained the following spells:

 Spells                   Type           Power      Damage    Failure   Level
 Call Imp                 Summ           21%        N/A       1%          2
 Apportation              Tloc           6%         N/A       6%          1
 Magic Dart               Conj           12%        1d3       6%          1
 Summon Guardian Golem    Hex/Summ       12%        N/A       6%          3
 Mephitic Cloud           Conj/Pois/Air  3%         N/A       19%         3
 Summon Lightning Spire   Summ/Air       12%        N/A       21%         4
 Alistair's Intoxication  Tmut/Pois      2%         N/A       85%         5


Dungeon Overview and Level Annotations

Branches:
Dungeon (3/15)

Altars:
Trog

Annotations:
D:3 Ijyb


Innate Abilities, Weirdness & Mutations

((You are very nimble when in or above water. (Stealth+, EV+, Speed+++)))
Your lower body shifts to a powerful aquatic tail in water.


Message History

Your hound bites Ijyb.
Your rat misses Ijyb.
Ijyb zaps a wand.
Your mind is blasted!
Your hound barely misses Ijyb.
You hit Ijyb.
Ijyb is severely wounded.
Your bat completely misses Ijyb.
Your rat bites Ijyb but does no damage.
Ijyb closely misses your rat.
You hit Ijyb but do no damage.
Ijyb is severely wounded.
Your bat hits Ijyb but does no damage.
Your rat closely misses Ijyb.
Ijyb zaps a wand.
Your bat's mind is blasted!
Your bat is blown up!
Your bat's corpse disappears in a puff of smoke!
You barely miss Ijyb.
Ijyb is severely wounded.
Ijyb hits you with a +0 dagger.
Your rat closely misses Ijyb.
You closely miss Ijyb.
Ijyb is severely wounded.
Ijyb barely misses you.
Your rat misses Ijyb. You barely miss Ijyb.
Ijyb is severely wounded.
Your rat bites Ijyb but does no damage.
Ijyb closely misses you. x2
Your rat bites Ijyb but does no damage.
You hit Ijyb but do no damage.
Ijyb is severely wounded.
Ijyb completely misses you.
Your rat barely misses Ijyb.
You closely miss Ijyb.
Ijyb is severely wounded.
Ijyb zaps a wand.
Your mind is blasted!
* * * LOW HITPOINT WARNING * * *
Your rat misses Ijyb.
Casting: Summon Small Mammal (safe; 1% risk of failure)
Confirm with . or Enter, or press ? or * to list all spells.
Your rat closely misses Ijyb.
Ijyb hits you but does no damage.
You hit Ijyb.
Ijyb is severely wounded.
Ijyb zaps a wand.
You barely resist.
Your rat bites Ijyb but does no damage.
You closely miss Ijyb.
Ijyb is severely wounded.
Your hound completely misses Ijyb.
Ijyb zaps a wand.
Your mind is blasted!
You die...

......>.###.####### ###.
##......# #.##########....
...#....###.#.............
...#.#'#....#....)........
...#.#...####.............
...#.#..........).........
...#.#......#.............
####.#.#........hgr.#....
#.#.........#@#..# ...
####.###.#####.#.##h# .
..†#.#<#.# .#.#.# .#
##)#.#.#.. ..#.#.# .#
.#.#.#.#####.#.#.. h#
.#.#.#.......#.... ..
.#.#.#.###.#.#.... $.
.#.#.#<..#.#.#.#####
...........#.#.#...#


You could see Ijyb (ally target), a friendly hound (summoned) and a friendly rat
(summoned).

Vanquished Creatures
  A dart slug (D:1)
  2 ball pythons
  A bat (D:1)
  An endoplasm (D:1)
  2 giant cockroaches
  3 goblins (D:2)
  2 hobgoblins
  A kobold (D:2)
13 creatures vanquished.

Vanquished Creatures (collateral kills)
  Grinder (D:3)
  Jessica (D:2)
  An orc wizard (D:3)
  Robin (D:2)
  2 adders
  A dart slug (D:3)
  2 orcs (D:3)
  A ball python (D:1)
  A bat (D:1)
  2 endoplasms (D:1)
  13 goblins
  5 hobgoblins
  6 kobolds
  A quokka (D:1)
  A frilled lizard (D:1)
  5 rats
44 creatures vanquished.

Grand Total: 57 creatures vanquished

Notes
Turn   | Place    | Note
-------+----------+-------------------------------------------
     0 | D:1      | themarg the Merfolk Summoner began the quest for the Orb.
     0 | D:1      | Reached XP level 1. HP: 13/13 MP: 3/3
   298 | D:1      | Reached XP level 2. HP: 19/19 MP: 3/5
  1076 | D:2      | Noticed Jessica
  1083 | D:2      | Killed Jessica
  1084 | D:2      | Reached XP level 3. HP: 23/24 MP: 2/6
  1122 | D:2      | Learned a level 3 spell: Call Canine Familiar
  1476 | D:2      | Identified the +7 whip of Law {elec, rC+ Dex+7}
  1486 | D:2      | Identified the +0 leather armour "Tigameez" {rElec rPois
                  | Regen+ Int-4}
  1687 | D:2      | Reached XP level 4. HP: 30/30 MP: 5/8
  1760 | D:2      | Found a faded altar of an unknown god.
  1841 | D:2      | Noticed Robin
  1866 | D:2      | Killed Robin
  2288 | D:3      | Reached XP level 5. HP: 35/35 MP: 1/9
  2530 | D:3      | Found a bloodstained altar of Trog.
  2530 | D:3      | Noticed Grinder
  2552 | D:3      | Killed Grinder
  2553 | D:3      | Reached skill level 5 in Summonings
  2553 | D:3      | Reached XP level 6. HP: 37/41 MP: 4/11
  2867 | D:3      | Noticed Ijyb
  2896 | D:3      | Blown up by Ijyb

Illustrated notes

Levels and vault maps discovered:
D:1:      lemuel_arrival_rhombus, layout_loops_cross
D:2:      layout_loops_corners, ebering_ecumenical_altar_abandoned, uniq_robin,
          uniq_jessica
D:3:      layout_basic, trog_hazing_becter, gammafunk_temple_overflow_elements,
          kennysheep_nondescript, uniq_grinder, uniq_ijyb, uniq_sigmund

Skill      XL: |  1  2  3  4  5 |
---------------+----------------+-----
Stealth        | 3 4 |  4.8
Spellcasting   | 3 |  3.8
Summonings     | 5 |  5.4
Dodging        | |  2.7

Action                   |  1- 3 |  4- 6 || total
-------------------------+-------+-------++-------
Melee: Short sword       |    30 |    30 ||    60
       Unarmed           |     2 |       ||     2
 Cast: Summon Small Mamm |    42 |    26 ||    68
       Call Canine Famil |       |    13 ||    13
Armor: Robe              |     9 |     4 ||    13
Dodge: Dodged            |    25 |    15 ||    40
